 Dungeon Crawl Stone Soup version 0.31.0-1-g2c135a0 (webtiles) character file.

Game seed: 4239050436793026306

518 Descartes the Blocker (level 7, -3/52 HPs)
             Began as a Formicid Fighter on Jan 24, 2024.
             Slain by Prince Ribbit (4 damage)
             ... on level 4 of the Dungeon.
             The game lasted 00:06:19 (2952 turns).

Descartes the Blocker (Formicid Fighter)            Turns: 2952, Time: 00:06:20

Health: -3/52      AC:  9    Str: 22    XL:     7   Next: 45%
Magic:  7/7        EV:  8    Int:  8    God:
Gold:   277        SH:  6    Dex: 13    Spells: 6/6 levels left

rFire   . . .        a - +0 war axe
rCold   . . .        c - +0 buckler
rNeg    . . .        k - +0 chain mail
rPois   +            (helmet unavailable)
rElec   .            l - scarf {repulsion}
rCorr   .            (no gloves)
SInv    +            (no boots)
Will    .....        (no amulet) Stlth
                     p - ring of poison resistance
HPRegen 0.28/turn    (no ring)
MPRegen 0.10/turn

%: repel missiles
@: no status effects
A: permanent stasis, dig shafts and tunnels, antennae 3, four strong arms
a: Dig, Shaft Self


You were on level 4 of the Dungeon.
You visited 1 branch of the dungeon, and saw 5 of its levels.

You collected 277 gold pieces.

Inventory:

Hand Weapons
 a - a +0 war axe (weapon)
 q - a +0 hand axe of flaming
Missiles
 b - 3 poisoned darts
Armour
 c - a +0 buckler (worn)
 k - a +0 chain mail (worn)
 l - a scarf of repulsion (worn)
Jewellery
 p - a ring of poison resistance (left hand)
Scrolls
 e - a scroll of silence {unknown}
 g - 3 scrolls of fear {unknown}
 i - 2 scrolls of vulnerability {unknown}
 j - a scroll of noise {unknown}
 m - a scroll of identify {unknown}
 n - 2 scrolls of butterflies {unknown}
 o - 3 scrolls of enchant armour {unknown}
 s - 2 scrolls of teleportation {unknown}
 t - a scroll of revelation {unknown}
Potions
 d - a potion of might
 f - 2 potions of degeneration {unknown}
 h - 3 potions of brilliance {unknown}
 r - a potion of heal wounds {unknown}


   Skills:
 - Level 3.2 Fighting
 - Level 2.0 Axes
 - Level 3.2 Armour
 + Level 10.5 Shields


You had 6 spell levels left.
You didn't know any spells.
Your spell library contained the following spells:

 Spells                   Type           Power      Damage    Failure   Level
 Summon Small Mammal      Summ           0%         N/A       97%         1
 Cigotuvi's Dreadful Rot  Necr/Alch/Air  0%         N/A       99%         2
 Call Canine Familiar     Summ           0%         N/A       100%        3
 Animate Dead             Necr           0%         N/A       100%        4
 Dispel Undead            Necr           0%         3d6       100%        4
 Martyr's Knell           Necr/Summ      0%         N/A       100%        4
 Summon Blazeheart Golem  Fire/Summ      0%         N/A       100%        4
 Death Channel            Necr           0%         N/A       100%        6
 Haunt                    Necr/Summ      0%         N/A       100%        7
 Borgnjor's Revivificati  Necr           0%         N/A       100%        8
 Infestation              Necr           0%         N/A       100%        8
 Death's Door             Necr           0%         N/A       100%        9


Dungeon Overview and Level Annotations

Branches:
Dungeon (5/15)
 Temple: D:4-7

Altars:
Sif Muna
Xom

Annotations:
D:4 Prince Ribbit


Innate Abilities, Weirdness & Mutations

You cannot be hasted, slowed, berserked, paralysed or teleported.
You can dig through walls and to a lower floor.
You have a pair of large antennae on your head. (SInv)
Your four strong arms can wield two-handed weapons with a shield.


Message History

You are too injured to fight recklessly!
You are too injured to fight recklessly!
You are too injured to fight recklessly!
You are too injured to fight recklessly!
You are too injured to fight recklessly!
You are too injured to fight recklessly!
You are too injured to fight recklessly!
You are too injured to fight recklessly!
You are too injured to fight recklessly!
You are too injured to fight recklessly!
Unknown command.
You slash Prince Ribbit!
Prince Ribbit is moderately wounded.
You hit the gnoll.
Prince Ribbit blinks!
You block the gnoll's attack. The gnoll hits you with a +0 club.
* * * LOW HITPOINT WARNING * * *
Unknown command.
Unknown command.
You hit the gnoll.
You kill the gnoll!
Prince Ribbit blinks!
Unknown command.
You barely miss Prince Ribbit.
Prince Ribbit is moderately wounded.
You block Prince Ribbit's attack.
Prince Ribbit blinks!
Unknown command.
You are too injured to fight recklessly!
Unknown command.
Prince Ribbit is nearby!
Things that are here:
a +0 club; a gnoll corpse Prince Ribbit blinks!
Prince Ribbit sighs, "It's not easy being green!"
Prince Ribbit is nearby!
You are too injured to fight recklessly!
Prince Ribbit blinks!
Prince Ribbit hits you!
* * * LOW HITPOINT WARNING * * *
Prince Ribbit hits you.
You die...

#..................###...#
####.##..........#...#...#
#.##..........###.....#
#.##..........####....# #
#.##.(.)....F.># ##...###
#.##.#.)>...##.####......
#..#.#.)######..#........
##.#.#..## ##...#...##.
#.#...F@# #####...###
#.#..##.# ####...
#.#..##.# #..## #.#.###.#
#.### #.#.# #.# ####.#..
#...# #.# #....#.# #...#
#.### ##....... #.#.#
#...# #...####. #.#.#
###.#### #.#..#...


You could see Prince Ribbit.

Vanquished Creatures
  A black bear (D:4)
  2 bullfrogs (D:4)
  A scorpion (D:4)
  A bombardier beetle (D:3)
  Jessica (D:3)
  2 gnolls (D:4)
  7 adders
  A dart slug (D:2)
  A ribbon worm (D:3)
  8 orcs
  5 ball pythons
  2 bats
  8 endoplasms
  6 giant cockroaches
  4 goblins
  6 hobgoblins
  10 jackals
  6 quokkas
  3 frilled lizards (D:2)
  11 kobolds
  7 rats
93 creatures vanquished.

Notes
Turn   | Place    | Note
-------+----------+-------------------------------------------
     0 | D:1      | Descartes the Formicid Fighter began the quest for the Orb.
     0 | D:1      | Reached XP level 1. HP: 18/18 MP: 1/1
    81 | D:1      | Reached XP level 2. HP: 13/24 MP: 2/2
   266 | D:1      | Reached skill level 5 in Shields
   464 | D:1      | Found a faded altar of an unknown god.
   518 | D:1      | Reached XP level 3. HP: 29/29 MP: 3/3
   748 | D:2      | Found a shimmering altar of Xom.
   878 | D:2      | Reached skill level 6 in Shields
   878 | D:2      | Reached XP level 4. HP: 35/35 MP: 4/4
  1425 | D:3      | Noticed Jessica
  1440 | D:3      | Killed Jessica
  1441 | D:3      | Reached skill level 7 in Shields
  1441 | D:3      | Reached XP level 5. HP: 41/41 MP: 5/5
  1874 | D:3      | Found a shimmering blue altar of Sif Muna.
  2031 | D:4      | Reached skill level 8 in Shields
  2055 | D:4      | Reached XP level 6. HP: 37/47 MP: 6/6
  2171 | D:4      | Reached skill level 9 in Shields
  2421 | D:4      | Noticed a black bear
  2437 | D:4      | Killed a black bear
  2438 | D:4      | Reached skill level 10 in Shields
  2438 | D:4      | Reached XP level 7. HP: 23/52 MP: 7/7
  2820 | D:5      | Entered Level 5 of the Dungeon
  2829 | D:5      | Noticed Prince Ribbit
  2951 | D:4      | HP: 1/52 [Prince Ribbit (16)]
  2952 | D:4      | Slain by Prince Ribbit

Illustrated notes

Levels and vault maps discovered:
D:1:      scummos_arrival_simple_fountains, layout_rooms,
          shapermc_ecumenical_altar_hornbeckon, minmay_octomino_e4
D:2:      layout_basic, basic_altar, minmay_increasing_density
D:3:      layout_loops_ring, nicolae_sif_muna_condensation, uniq_jessica
D:4:      layout_rooms
D:5:      layout_rooms, mainiacjoe_overflow_tiny_flanked, serial_shops, shop,
          uniq_prince_ribbit1

Skill      XL: |  1  2  3  4  5  6 |
---------------+-------------------+-----
Shields        | 5 6 7 8 10 | 10.5
Fighting       | |  3.2
Axes           | |  2.0
Armour         | |  3.2

Action                     |  1- 3 |  4- 6 |  7- 9 || total
---------------------------+-------+-------+-------++-------
  Melee: War axe           |    85 |   159 |    35 ||   279
 Armour: Scale mail        |    23 |       |       ||    23
         Chain mail        |    33 |   173 |    53 ||   259
  Dodge: Dodged            |    39 |    78 |    18 ||   135
         Repelled          |     1 |     1 |       ||     2
  Block: Buckler           |    26 |    64 |    16 ||   106
